 Dungeon Crawl Stone Soup version 0.19-a0-593-gf2cdb02 (webtiles) character file.

151785 tyrsky the Impregnable (level 17, -6/179 HPs)
             Began as a Minotaur Berserker on June 10, 2016.
             Was a High Priest of Trog.
             Mangled by an emperor scorpion (16 damage)
             ... on level 4 of the Spider Nest.
             The game lasted 01:15:36 (29900 turns).

tyrsky the Impregnable (Minotaur Berserker)        Turns: 29900, Time: 01:15:37

Health: -6/179     AC: 42    Str: 27    XL:     17   Next: 1%
Magic:  0/16       EV: 16    Int:  4    God:    Trog [*****.]
Gold:   2546       SH:  0    Dex: 12    Spells: 0 memorised, 16 levels left

rFire  . . .     SeeInvis .     l - +3 great mace (crush)
rCold  + . .     Gourm    .     j - +9 plate armour of Osuanext {Str+2}
rNeg   . . .     Faith    .     (shield currently unavailable)
rPois  +         Spirit   +     I - +2 hat
rElec  .         Dismiss  .     h - +0 cloak {rC+}
rCorr  .         Reflect  .     i - +0 pair of gloves
SustAt .         Harm     .     (no boots)
MR     +....                    q - amulet of guardian spirit
Stlth  ..........               H - ring of Robustness {AC+8}
                                a - ring of poison resistance

@: exhausted, about to teleport, very slightly contaminated, slowed, very slow,
somewhat resistant to hostile enchantments, extremely unstealthy
A: retaliatory headbutt, horns 2, robust 1, screaming 1, weak 1
a: Berserk, Trog's Hand, Brothers in Arms, Burn Spellbooks, Renounce Religion


You were on level 4 of the Spider Nest.
You worshipped Trog.
Trog was extremely pleased with you.
You were near starving.

You visited 4 branches of the dungeon, and saw 27 of its levels.
You also visited: Sewer and Ice Cave.

You collected 3072 gold pieces.
You spent 526 gold pieces at shops.

Inventory:

Hand Weapons
 l - a +3 great mace of crushing (weapon)
Armour
 h - a +0 cloak of cold resistance (worn)
 i - a +0 pair of gloves (worn)
 j - the +9 plate armour of Osuanext (worn) {Str+2}
   (You found it on level 13 of the Dungeon)

   It affects your strength (+2).
 I - a +2 hat (worn)
 X - a +4 plate armour of positive energy
Jewellery
 a - a ring of poison resistance (left hand)
 d - an uncursed ring of sustain attributes
 o - an uncursed ring of positive energy
 q - an amulet of guardian spirit (around neck)
 u - an uncursed ring of protection from cold
 z - an uncursed ring of resist corrosion
 H - the ring of Robustness (right hand) {AC+8}
   (You found it on level 1 of the Lair of Beasts)

   [ring of protection]

   It affects your AC (+8).
 Q - an uncursed ring of protection from magic
Wands
 m - a wand of lightning (11/15)
 B - a wand of flame (15/48)
 F - a wand of hasting (3/9)
 N - a wand of teleportation (2/9)
 V - a wand of iceblast (6/15)
Scrolls
 g - 3 scrolls of enchant armour
 p - 9 scrolls of magic mapping
 r - 5 scrolls of enchant weapon
 t - a scroll of holy word
 w - 13 scrolls of remove curse
 y - 2 scrolls of recharging
 A - 5 scrolls of fear
 E - 15 scrolls of identify {@*1}
 M - 2 scrolls of fog
 T - a scroll of summoning
Potions
 c - a potion of resistance
 e - 7 potions of might
 f - 7 potions of lignification
 k - a potion of haste
 v - 4 potions of brilliance
 x - 2 potions of magic
 D - 3 potions of flight
 K - 2 potions of agility
 O - 3 potions of ambrosia {unknown}
 P - 5 potions of curing
 R - 8 potions of heal wounds
Books
 L - an Akashic Record

   Spells                             Type                      Level
   a - Dispersal                      Translocation                6
   b - Malign Gateway                 Summoning/Translocation      7
   c - Disjunction                    Translocation                8
   d - Controlled Blink               Translocation                8
   Trog disapproves of the use of such an item.
Comestibles
 n - 6 beef jerkies
 s - 7 meat rations
 J - 6 slices of pizza
 S - 6 fruits


   Skills:
 + Level 17.9 Fighting
   Level 3.6(10.0) Axes
 - Level 14.0(14.1) Maces & Flails
 * Level 21.0 Armour
 + Level 15.9 Dodging


You had 16 spell levels left.
You didn't know any spells.

Dungeon Overview and Level Annotations

Branches:
Dungeon (15/15)            Temple (0/1) D:4            Lair (6/6) D:8
 Shoals (0/4) Lair:3       Spider (4/4) Lair:3        Slime (0/5) Lair:6
    Orc (2/2) D:11            Elf (0/3) Orc:2        Vaults (0/5) D:14
 Depths (0/5) D:15

Altars:
Ashenzari
Cheibriados
Fedhas
Gozag
Okawaru
Pakellas
Sif Muna
Uskayaw
Vehumet
Xom
Beogh

Shops:
D:6 =   D:11 [   Orc:2 ?(!:

Portals:
Pandemonium: Orc:2

Annotations:
D:9 exclusion: statue
D:14 exclusion: Roxanne, Roxanne
Lair:6 exclusion: 2 oklob plants


Innate Abilities, Weirdness & Mutations

You reflexively headbutt those who attack you in melee.
You have a pair of horns on your head.
You are robust. (+10% HP)
You occasionally shout uncontrollably at your foes.
You are weak. (Str -2)


Message History

Moving in this stuff is going to be slow.
You are very lightly contaminated with residual magic.
As you read the scroll of blinking, it crumbles to dust.
Okay, then.
Okay, then.
Unknown command.
Evoke which item? (* to show all) (? for menu, Esc to quit)
Zapping:
N - a wand of teleportation (will waste charges)
Press: ? - help, Shift-Dir - straight line, f - you You feel strangely unstable.
Evoking this partially-identified wand wasted a few charges.
The wolf spider rages.
The wolf spider hits you!
* * * LOW HITPOINT WARNING * * *
The wolf spider splashes around in the water.
The emperor scorpion stings you but does no damage.
The emperor scorpion claws you!
* * * LOW HITPOINT WARNING * * *
The emperor scorpion claws you!
You die...

#########################
#≈≈≈≈.....#..............
#≈≈#≈≈≈.....≈≈≈..........
#..≈≈≈≈≈≈≈≈≈≈≈≈≈≈#≈......
#.....#†≈≈≈≈≈#≈≈≈≈≈≈.#...
#.....††...≈≈≈≈≈≈≈≈≈.....
#.....######≈sH≈≈########
#....##...≈s≈s≈≈≈#
#.....#§#..≈y#≈≈≈≈≈≈
#≈.#†.#...s.≈#≈.≈#≈...#.#
#≈≈...#.....≈#..≈##.....#
#≈≈≈..#...######## ##...#
#≈#≈..##..# #^..#
#.≈≈..#...# #.y.#
#^≈≈.##...# #TZ.#


You could see 2 emperor scorpions, a wolf spider (berserk), a moth of wrath and
a redback.

Vanquished Creatures
  Kirke (Lair:5)
  Gastronok (Lair:1)
  Agnes (D:14)
  Wiglaf (Spider:2)
  3 emperor scorpions
  A stone giant (Orc:2)
  Nessos (Lair:4)
  A spark wasp (Spider:4)
  A dire elephant (D:15)
  A white draconian (IceCv)
  Erolcha (D:8)
  4 vault guards (D:14)
  Fannar (Lair:2)
  9 hydras
  6 centaur warriors
  An ogre mage (D:15)
  Erica (D:9)
  A queen ant (Spider:2)
  A death yak (Lair:3)
  Urug (Lair:4)
  7 orc high priests
  5 skeletal warriors (D:12)
  3 unseen horrors
  2 gelid demonspawn (Orc:2)
  A putrid demonspawn (Orc:2)
  7 hill giants
  An orb spider (shapeshifter) (D:13)
  18 wolf spiders
  5 orb spiders
  4 orc knights
  2 lindwurms (Lair:6)
  2 cyclopes
  3 hornets (Spider:4)
  A deep elf mage (D:15)
  10 ugly things
  A shining eye (shapeshifter) (D:15)
  3 griffons
  A hornet (shapeshifter) (D:13)
  8 orc sorcerers
  A manticore (D:13)
  5 black mambas
  An ice statue (IceCv)
  10 spiny frogs
  3 elephants (Lair:6)
  2 torpor snails
  An orange demon (Orc:2)
  2 gargoyles
  10 demonic crawlers
  7 komodo dragons
  A spectral redback (Spider:4)
  3 yaktaurs (D:15)
  2 rime drakes
  3 ice devils (Orc:2)
  An efreet (D:14)
  A freezing wraith (D:14)
  6 trolls
  10 jumping spiders
  A spectral jumping spider (Spider:4)
  A meliai (D:13)
  A queen bee (shapeshifter) (D:13)
  A spectral hornet (Spider:4)
  15 polar bears (IceCv)
  A spectral tarantella (Spider:4)
  4 two-headed ogres
  6 slime creatures
  14 blink frogs
  A boulder beetle (Lair:6)
  39 redbacks
  2 vampires
  2 shadows
  12 tarantellas
  2 water elementals (D:15)
  2 hogs (Lair:5)
  7 basilisks
  38 yaks
  2 hungry ghosts
  6 hippogriffs
  8 vampire mosquitoes
  A steam dragon (Lair:6)
  4 wargs (Orc:1)
  A swamp worm (Lair:6)
  2 mottled dragons (Lair:6)
  24 soldier ants (Spider:2)
  10 water moccasins
  11 porcupines
  4 sky beasts
  3 ice beasts
  3 swamp drakes (Lair:6)
  2 black bears
  30 orc warriors
  A wasp (D:12)
  An eye of draining (D:13)
  3 phantoms
  A necrophage (D:6)
  11 wolves
  18 ogres
  26 centaurs
  17 crocodiles
  A big kobold (D:12)
  9 giant frogs
  A gnoll sergeant (D:9)
  A wyvern skeleton (D:11)
  8 scorpions
  3 wights (D:7)
  3 killer bees (D:10)
  An electric eel (D:15)
  5 howler monkeys
  7 crimson imps
  2 centaur zombies
  A quasit (D:11)
  7 jellies
  2 centaur skeletons
  26 orc priests
  3 hounds
  14 orc wizards
  2 giant frog skeletons
  12 iguanas
  6 hell rats (Lair:3)
  20 worker ants
  A worker ant (shapeshifter) (D:14)
  17 sheep
  A hound zombie (D:9)
  2 hound skeletons (D:8)
  A worker ant zombie (D:7)
  13 gnolls
  17 adders
  27 river rats
  4 shadow imps
  2 adder skeletons (D:8)
  3 worms
  4 dart slugs
  55 orcs
  A ball python (D:1)
  3 giant cockroaches
  5 goblins
  12 hobgoblins
  12 jackals
  19 kobolds
  A quokka (D:12)
  14 bats
  11 giant newts
  A quokka skeleton (D:8)
  28 rats
  2 fungi (D:8)
919 creatures vanquished.

Vanquished Creatures (collateral kills)
  Arachne (Spider:2)
  Rupert (D:14)
  Asterion (Spider:4)
  Frances (D:14)
  A storm dragon (D:13)
  2 ghost moths (Spider:4)
  An orc warlord (Orc:1)
  A spark wasp (Spider:4)
  A fire dragon (Lair:6)
  An entropy weaver (Spider:4)
  4 vault guards (D:14)
  A great orb of eyes (D:13)
  A hydra (Lair:6)
  A tengu warrior (D:13)
  Sonja (Lair:1)
  A shadow wraith (D:13)
  A spectral wolf spider (Spider:4)
  An orc knight (Orc:2)
  2 griffons
  4 wolf spiders
  4 orb spiders
  A moth of wrath (Spider:4)
  A torpor snail (Lair:6)
  2 spiny frogs
  A spectral redback (Spider:4)
  A freezing wraith (D:13)
  A komodo dragon (Lair:3)
  A hellwing (Orc:2)
  A demonic crawler (Spider:4)
  6 jumping spiders (Spider:4)
  A boulder beetle (Lair:6)
  4 blink frogs (Lair:3)
  2 jumping spider zombies (Spider:4)
  4 redbacks (Spider:4)
  A ynoxinul (Orc:2)
  2 tarantellas (Spider:4)
  A neqoxec (Orc:2)
  A warg (Orc:1)
  A mottled dragon (D:13)
  A porcupine (Lair:3)
  A swamp drake (Lair:6)
  8 orc warriors
  A wasp (Spider:4)
  A centaur (Lair:3)
  A big kobold (D:8)
  A crocodile (Lair:6)
  A giant frog (Lair:3)
  A crimson imp (D:8)
  An orc wizard (Orc:1)
  3 orc priests
  A jelly (D:14)
  3 adders (Lair:2)
  15 orcs
  A kobold (D:8)
  A fungus (Lair:3)
105 creatures vanquished.

Vanquished Creatures (others)
  An orb spider (Spider:4)
  A boulder beetle (Lair:6)
  A redback (Spider:1)
  A water moccasin (Lair:6)
  10 fungi
  6 plants
20 creatures vanquished.

Grand Total: 1044 creatures vanquished

Notes
Turn   | Place    | Note
--------------------------------------------------------------
     0 | D:1      | tyrsky the Minotaur Berserker began the quest for the Orb.
     0 | D:1      | Reached XP level 1. HP: 19/19 MP: 0/0
   192 | D:1      | Reached XP level 2. HP: 25/27 MP: 1/1
   564 | D:1      | Reached ** piety under Trog
   813 | D:2      | Reached skill level 3 in Armour
   813 | D:2      | Reached XP level 3. HP: 20/34 MP: 2/2
  1001 | D:2      | Found a shimmering altar of Xom.
  1085 | D:2      | Reached skill level 1 in Maces & Flails
  1101 | D:2      | Found an opulent altar of Gozag.
  1335 | D:2      | Reached XP level 4. HP: 33/41 MP: 3/3
  1633 | D:2      | Reached XP level 5. HP: 38/47 MP: 4/4
  1648 | D:2      | Reached skill level 5 in Fighting
  1804 | D:3      | Reached *** piety under Trog
  1918 | D:3      | Found a glowing drain.
  1931 | Sewer    | Entered a sewer
  2687 | D:3      | Found an oddly glowing altar of Pakellas.
  2869 | D:3      | Reached XP level 6. HP: 55/56 MP: 5/5
  2944 | D:3      | Reached **** piety under Trog
  3411 | D:4      | Found a staircase to the Ecumenical Temple.
  3422 | D:5      | Entered Level 5 of the Dungeon
  3429 | D:5      | Reached skill level 4 in Armour
  3582 | D:5      | Noticed a sky beast
  3592 | D:5      | Killed a sky beast
  3592 | D:5      | Reached skill level 5 in Maces & Flails
  3592 | D:5      | Reached XP level 7. HP: 63/63 MP: 2/6
  3768 | D:5      | Found a blossoming altar of Fedhas.
  4161 | D:6      | Reached skill level 5 in Armour
  4501 | D:6      | Found Jiajim's Jewellery Boutique.
  4518 | D:6      | Reached XP level 8. HP: 55/71 MP: 5/7
  4710 | D:7      | Reached skill level 5 in Dodging
  4965 | D:7      | Found a deep blue altar of Sif Muna.
  4987 | D:7      | Reached skill level 6 in Armour
  5051 | D:7      | Reached ***** piety under Trog
  5160 | D:8      | Noticed Erolcha
  5184 | D:8      | Killed Erolcha
  5184 | D:8      | Reached XP level 9. HP: 81/81 MP: 4/8
  5259 | D:8      | Found a hide-covered altar of Uskayaw.
  5330 | D:8      | Reached skill level 7 in Armour
  5463 | D:8      | Found a staircase to the Lair.
  6213 | Lair:1   | Entered Level 1 of the Lair of Beasts
  6583 | Lair:1   | Noticed a komodo dragon
  6597 | Lair:1   | Killed a komodo dragon
  6597 | Lair:1   | Reached skill level 10 in Maces & Flails
  6711 | Lair:1   | Noticed Sonja
  6730 | Lair:1   | Killed Sonja
  6730 | Lair:1   | Reached skill level 8 in Armour
  6796 | Lair:1   | Noticed Gastronok
  6843 | Lair:1   | Reached XP level 10. HP: 63/91 MP: 5/9
  6875 | Lair:1   | Killed Gastronok
  6975 | Lair:1   | Noticed a black mamba
  6983 | Lair:1   | Killed a black mamba
  6983 | Lair:1   | Reached skill level 9 in Armour
  7315 | Lair:2   | Noticed a four-headed hydra
  7316 | Lair:2   | Noticed Fannar
  7332 | Lair:2   | Noticed an eight-headed hydra
  7343 | Lair:2   | Killed an eight-headed hydra
  7343 | Lair:2   | Reached skill level 10 in Fighting
  7352 | Lair:2   | Killed a four-headed hydra
  7352 | Lair:2   | Reached XP level 11. HP: 100/100 MP: 7/10
  7657 | Lair:2   | Killed Fannar
  7707 | Lair:2   | Noticed a seven-headed hydra
  7716 | Lair:2   | Killed a seven-headed hydra
  8110 | Lair:3   | Noticed a griffon
  8117 | Lair:3   | Killed a griffon
  8117 | Lair:3   | Reached skill level 10 in Armour
  8131 | Lair:3   | Found a staircase to the Shoals.
  9155 | Lair:4   | Noticed Urug
  9190 | Lair:4   | Killed Urug
  9717 | Lair:4   | Noticed Nessos
  9725 | Lair:4   | Noticed a seven-headed hydra
  9743 | Lair:4   | HP: 4/102 [Nessos/arrow (6)]
 10019 | Lair:4   | Killed a seven-headed hydra
 10019 | Lair:4   | Reached XP level 12. HP: 87/110 MP: 6/11
 10310 | Lair:3   | Found a hole to the Spider Nest.
 10473 | Lair:3   | Reached skill level 10 in Dodging
 10529 | Lair:3   | Reached skill level 11 in Armour
 10576 | Lair:3   | Noticed a death yak
 10606 | Lair:3   | Killed a death yak
 10995 | Lair:3   | Noticed a four-headed hydra
 11003 | Lair:3   | Killed a four-headed hydra
 11584 | Lair:4   | Killed Nessos
 12316 | Lair:5   | Noticed Kirke
 12332 | Lair:5   | Killed Kirke
 12332 | Lair:5   | Reached skill level 12 in Armour
 12646 | Lair:6   | Entered Level 6 of the Lair of Beasts
 12646 | Lair:6   | Noticed an eight-headed hydra
 12698 | Lair:5   | Killed an eight-headed hydra
 13670 | Lair:6   | Reached XP level 13. HP: 98/122 MP: 8/12
 13912 | Lair:6   | Reached skill level 13 in Armour
 14489 | Lair:6   | Found a staircase to the Slime Pits.
 14970 | Lair:6   | Reached skill level 14 in Armour
 15272 | Lair:6   | Noticed a fire dragon
 15283 | Lair:6   | Killed a fire dragon
 15781 | D:9      | Noticed Erica
 15804 | D:9      | Killed Erica
 15974 | D:9      | Found a radiant altar of Vehumet.
 16217 | D:9      | Found a snail-covered altar of Cheibriados.
 16645 | D:10     | Entered Level 10 of the Dungeon
 16678 | D:10     | Received a gift from Trog
 17093 | D:10     | Found an iron altar of Okawaru.
 17375 | D:11     | Found a staircase to the Orcish Mines.
 17382 | D:11     | Reached skill level 15 in Armour
 17411 | D:11     | Found Beerasche's Armour Emporium.
 18068 | D:12     | Reached XP level 14. HP: 133/133 MP: 13/13
 18934 | D:12     | Received a gift from Trog
 19293 | D:13     | Found a runed door.
 19296 | D:13     | Noticed a storm dragon
 19302 | D:13     | Killed a storm dragon
 19310 | D:13     | Reached skill level 16 in Armour
 19330 | D:13     | Got a faintly glowing plate armour
 19350 | D:13     | Identified the +9 plate armour of Osuanext {Str+2} (You found it on level 13 of the Dungeon)
 19405 | D:13     | Reached skill level 15 in Fighting
 19958 | D:14     | Found a gate to the Vaults.
 20173 | D:14     | Found a shattered altar of Ashenzari.
 20218 | D:14     | Reached skill level 17 in Armour
 20325 | D:14     | Found a snail-covered altar of Cheibriados.
 20326 | D:14     | Noticed Rupert
 20342 | D:14     | Killed Rupert
 20518 | D:14     | Noticed Agnes
 20527 | D:14     | Killed Agnes
 20646 | D:14     | Noticed Roxanne
 20722 | D:14     | Noticed Frances
 20730 | D:14     | Killed Frances
 20730 | D:14     | Reached XP level 15. HP: 143/143 MP: 14/14
 21304 | D:15     | Entered Level 15 of the Dungeon
 22186 | D:15     | Received a gift from Trog
 22187 | D:15     | Got a steaming war axe {god gift}
 22442 | D:15     | Reached skill level 18 in Armour
 22473 | D:15     | Gained mutation: You are weak. (Str -2) [a shining eye]
 22478 | D:15     | Gained mutation: You occasionally shout uncontrollably at your foes. [a shining eye]
 22744 | D:15     | Found a staircase to the Depths.
 22917 | Orc:1    | Entered Level 1 of the Orcish Mines
 23283 | Orc:1    | Found a frozen archway.
 23297 | IceCv    | Entered an ice cave
 24068 | IceCv    | Gained mutation: You are robust. (+10% HP) [potion of beneficial mutation]
 24530 | Orc:1    | Noticed an orc warlord
 24535 | Orc:1    | Reached ****** piety under Trog
 24547 | Orc:1    | Killed an orc warlord
 24961 | Orc:2    | Entered Level 2 of the Orcish Mines
 25153 | Orc:2    | Found a staircase to the Elven Halls.
 25167 | Orc:2    | Found a roughly hewn altar of Beogh.
 25517 | Orc:2    | Received a gift from Trog
 25517 | Orc:2    | Reached skill level 19 in Armour
 25612 | Orc:2    | Found Ahinekk's Magic Scroll Boutique.
 25617 | Orc:2    | Found Zusky's Distillery.
 25717 | Orc:2    | Bought a scroll of fog for 30 gold pieces
 25719 | Orc:2    | Bought a potion of heal wounds for 70 gold pieces
 25719 | Orc:2    | Bought a potion of curing for 42 gold pieces
 26062 | Orc:2    | Reached XP level 16. HP: 156/167 MP: 11/15
 26116 | Orc:2    | Paralysed by an orc sorcerer for 5 turns
 26130 | Orc:2    | Reached skill level 15 in Dodging
 26377 | Orc:2    | Found Xicul's Book Shoppe.
 26377 | Orc:2    | Found Vehotefefi's Antique Weapon Emporium.
 26377 | Orc:2    | Found a one-way gate leading to the halls of Pandemonium.
 26381 | Orc:2    | Bought a polished mace for 192 gold pieces
 26381 | Orc:2    | Bought a slimy mace for 192 gold pieces
 26381 | Orc:2    | Identified the +7 mace "Ufatwaoj" {crush, *Drain Str-3 Dex+8 SInv} (You bought it in a shop on level 2 of the Orcish Mines)
 26382 | Orc:2    | Identified the cursed +1 mace "Pepyilly" {freeze, rElec rN+ MR- Stlth+} (You bought it in a shop on level 2 of the Orcish Mines)
 26612 | Orc:2    | Received a gift from Trog
 26773 | Spider:1 | Entered Level 1 of the Spider Nest
 27298 | Spider:2 | Noticed Arachne
 27305 | Spider:2 | Killed Arachne
 27579 | Spider:2 | Reached skill level 20 in Armour
 27589 | Spider:2 | Noticed Wiglaf
 27609 | Spider:2 | Killed Wiglaf
 28513 | Spider:4 | Entered Level 4 of the Spider Nest
 28752 | Spider:4 | Received a gift from Trog
 29419 | Spider:4 | Noticed Asterion
 29431 | Spider:4 | Killed Asterion
 29865 | Spider:4 | Reached skill level 21 in Armour
 29873 | Spider:4 | Reached XP level 17. HP: 179/179 MP: 0/16
 29900 | Spider:4 | Mangled by an emperor scorpion

Vault maps used:
D:1:      dpeg_arrival_radiant
D:2:      lemuel_doored_altar, first_bread, nicolae_gozag_seed_capital
D:3:      gup_sewer_entry_spiral, grunt_pakellas_sulfur
D:4:      lemuel_crystal_altar, minmay_temple_entry_crystal_x,
          uniq_crazy_yiuf_cottage
D:5:      nicolae_overflow_hidden_temple, fedhas_altar_2
D:6:      serial_shops, nicolae_shop_stone, nicolae_ru_the_path_less_chosen
D:7:      lemuel_crystal_altar, grunt_livestock, hex_large,
          grunt_dithmenos_smoke
D:8:      due_lair_maze_entry_diamond, lemuel_tele_altar, uniq_erolcha
D:9:      cheibrodos_worm_habitat, vehumet_statue, minmay_misc_feat_roman,
          nicolae_two_hexagons, uniq_erica
D:10:     okawaru_ov_weapons_minmay
D:11:     orc_david_3
D:13:     minmay_st_funbox
D:14:     erik_vaults_2, basic_altar, minmay_misc_feat_columns,
          grunt_ministairs_9, evilmike_ruin_ashenzari, uniq_rupert, uniq_agnes,
          uniq_roxanne, uniq_frances
D:15:     hangedman_depths_entry_try_elsewhere_first, serial_bayou_lake_a
Lair:1:   uniq_gastronok, uniq_sonja
Lair:2:   cheibrodos_lair_reptile_den, uniq_fannar
Lair:3:   minmay_shoals_entry_centaurs, spider_nest_entry_a
Lair:4:   uniq_urug, uniq_nessos
Lair:5:   small_statue_intersection, grunt_megastairs_3, uniq_kirke
Lair:6:   hangedman_lair_in_review, guppyfry_lair_end_dragon,
          minmay_slime_entry_pillars, dpeg_oklob_1, grunt_megastairs_2
Spider:1: spiders_nest_spider_trap
Spider:2: nicolae_spider_circle_web, minivault_29, nicolae_spider_cling_halls,
          uniq_wiglaf, uniq_arachne
Spider:4: floodkiller_spider_rune_tomb, uniq_asterion
Orc:1:    minmay_goldmine, portal_ice_cave_entry_pillars_2
Orc:2:    pf_orc_diabolical, basic_altar
Sewer:    sewer_co_cracked_pipes
IceCv:    ice_cave_small_giant

Skill      XL: |  1  2  3  4  5  6  7  8  9 10 11 12 13 14 15 16 |
---------------+-------------------------------------------------+-----
Fighting       | 4 5 6 8 9 10 11 13 14 15 16 17 | 17.9
Armour         | 3 4 5 6 8 9 10 12 15 17 19 21 | 21.0
Maces & Flails | 2 4 5 6 9 10 12 14 | 14.0
Dodging        | 3 4 6 7 8 9 11 12 13 14 15 | 15.9
Axes           | |  3.6

Action                   |  1- 3 |  4- 6 |  7- 9 | 10-12 | 13-15 | 16-18 || total
-------------------------+-------+-------+-------+-------+-------+-------++-------
Melee: Hand axe          |    46 |       |       |       |       |       ||    46
       Headbutt          |    11 |    35 |    80 |   191 |   479 |   122 ||   918
       Whip              |    47 |   206 |   345 |   755 |   969 |       ||  2322
       Great mace        |       |       |       |       |   801 |   522 ||  1323
       Mace              |       |       |       |       |       |    16 ||    16
Invok: Berserk           |     1 |     3 |     6 |    16 |    23 |     5 ||    54
       Trog's Hand       |       |       |     2 |     6 |     3 |     3 ||    14
       Burn Spellbooks   |       |       |     1 |     1 |     1 |     2 ||     5
       Brothers in Arms  |       |       |     1 |    10 |    11 |     7 ||    29
Evoke: Wand              |       |       |       |       |       |     1 ||     1
  Use: Scroll            |       |    15 |     4 |     6 |     6 |     8 ||    39
       Potion            |       |       |     2 |     5 |     6 |     2 ||    15
 Stab: Distracted        |       |       |       |     1 |     1 |     1 ||     3
       Confused          |       |       |       |       |     1 |       ||     1
  Eat: Bread ration      |     1 |       |     2 |     2 |     1 |     2 ||     8
       Chunk             |       |     8 |    10 |    30 |    54 |     8 ||   110
       Royal jelly       |       |       |       |     2 |     1 |       ||     3
       Fruit             |       |       |       |     1 |       |       ||     1
       Meat ration       |       |       |       |       |     2 |     1 ||     3
Armor: Animal skin       |    19 |       |       |       |       |       ||    19
       Leather armour    |     3 |    48 |    23 |       |       |       ||    74
       Plate armour      |       |       |    84 |   345 |  1041 |   696 ||  2166
Dodge: Dodged            |    77 |   104 |   118 |   300 |  1080 |   691 ||  2370
